Cogmind - Beta 13 @@@ ROGUE MODE // 2024.05.14 @ 17:28:56 Player: Decinym Result: Destroyed by DAS Turret with DAS Cannon Performance ------------- Evolutions (1) 500 Regions Visited (5) 1000 Robots Destroyed (43) 215 Value Destroyed (1004) 1004 Prototype IDs (24) 480 Alien Tech Used (0) 0 Bonus (300) 300 TOTAL SCORE: 3499 Bonus ------- Aligned with FarCom 300 Cogmind --------- Core Integrity 0/400 Matter 318/450 Energy 310/310 System Corruption 0% Temperature Cool (17) Movement Treading (240) Ox1 Location -9/Exiles Parts ------- > --- POWER (1) -------- Reinforced Fission Core > --- PROPULSION (3) --- Improved Treads Improved Treads > --- UTILITY (3) ------ Large Storage Unit Large Matter Pod > --- WEAPON (2) ------- Heavy Missile Launcher > --- INVENTORY (15) --- Improved Treads Advanced Myomer Leg Advanced Myomer Leg AS-neutralizer No. 17b Heavy Assault Rifle Heavy Assault Rifle Autogun Gauss Rifle 8R-AWN's Boregun Rocket Launcher Maul Chainsword Peak State ------------ > --- POWER ------------ Improved Ion Engine > --- PROPULSION ------- Light Treads Improved Treads Improved Treads > --- UTILITY ---------- Large Storage Unit Cloak of Protection Light Armor Plating > --- WEAPON ----------- Gauss Rifle Chainsword > --- INVENTORY -------- Light Nuclear Core Light Treads Light Treads Improved Treads Large Matter Pod Light Armor Plating Light Armor Plating Heavy Assault Rifle Heavy Assault Rifle Autogun Heavy Missile Launcher Maul [Rating: 27] Favorites ----------- Power Improved Ion Engine Engine Improved Ion Engine Power Core Reinforced Fission Core Propulsion Light Treads Treads Light Treads Leg Aluminum Leg Utility Light Armor Plating Device Heat Sink Storage Large Storage Unit Protection Light Armor Plating Weapon Heavy Assault Rifle Energy Gun Beam Rifle Ballistic Gun Heavy Assault Rifle Launcher Heavy Missile Launcher Slashing Weapon Chainsword Build | -11 -10 -10 -9 -9 -9 ------- Run | Yrd Mat Min Mat Min Exi Slots Evolved 2 | . . . 2 . . Power . | . . . . . . Propulsion 1 | . . . 1 . . Utility 1 | . . . 1 . . Weapon . | . . . . . . Parts Attached 50 | . 3 4 22 6 15 Power 5 | . . . 3 . 2 Engine 3 | . . . 3 . . Core 2 | . . . . . 2 Reactor . | . . . . . . Propulsion 14 | . . 3 7 . 4 Treads 13 | . . 2 7 . 4 Leg 1 | . . 1 . . . Wheel . | . . . . . . Hover . | . . . . . . Flight . | . . . . . . Utility 17 | . 2 . 7 3 5 Device 6 | . 1 . 2 1 2 Storage 3 | . 1 . 1 . 1 Processor . | . . . . . . Hackware . | . . . . . . Protection 8 | . . . 4 2 2 Artifact . | . . . . . . Weapon 14 | . 1 1 5 3 4 Energy Gun 3 | . . . 3 . . Energy Cannon . | . . . . . . Ballistic Gun 6 | . 1 1 1 2 1 Ballistic Cannon . | . . . . . . Launcher 4 | . . . 1 1 2 Special Weapon . | . . . . . . Impact Weapon . | . . . . . . Slashing Weapon 1 | . . . . . 1 Piercing Weapon . | . . . . . . Special Melee Weapon . | . . . . . . Unidentified Prototypes 1 | . . . . . 1 Parts Lost 17 | . . . 5 1 11 Power 3 | . . . 1 . 2 Propulsion 5 | . . . 1 . 4 Utility 7 | . . . 2 1 4 Weapon 2 | . . . 1 . 1 Highest Loss Streak 7 | . . . 3 1 7 To Critical Strikes 5 | . . . . . 5 Average Slot Usage (%) 99 | . 96 100 99 100 98 Engine 11 | . 14 14 10 11 9 Treads 29 | . . 26 32 33 32 Leg 2 | . 28 1 . . . Device 8 | . 11 14 11 8 2 Storage 12 | . 14 14 11 11 12 Protection 10 | . . . 10 13 17 Energy Gun 8 | . 15 14 18 8 . Ballistic Gun 14 | . 12 14 3 13 20 Naked Turns . | . . . . . . Heaviest Build 55 | 13 28 28 37 40 55 Greatest Support 66 | 20 20 40 66 66 66 Greatest Overweight (x) 1 | . 1 1 . . . Average Overweight (x) . | . . . . . . Largest Inventory Capacity 15 | . 15 15 15 15 15 Average Capacity 14 | . 10 15 15 15 15 Most Carried 15 | . 9 14 15 15 15 Average Carried 13 | . 8 12 14 14 13 Final Capacity 15 | 8 15 15 15 15 15 Final Carried 15 | 6 9 13 15 15 12 Class Distribution -------------------- 58% | Scavenger-Mutant 41% | Mutant Dominant Class ---------------- Mutant | -10/Materials Mutant | -10/Mines Mutant | -9/Materials Scavenger-Mutant | -9/Mines Scavenger-Mutant | -9/Exiles Resources | -11 -10 -10 -9 -9 -9 ----------- Run | Yrd Mat Min Mat Min Exi Matter Collected 810 | 200 43 52 265 115 135 Remotely . | . . . . . . Salvage Created 1542 | . 273 187 744 222 116 Parts 80 | . 17 13 40 8 2 Haulers Intercepted 3 | . 1 . 2 . . Recyclers Shooed 1 | . 1 . . . . Parts Field Recycled . | . . . . . . Retrieved Matter . | . . . . . . Parts Self-Destructed . | . . . . . . Prevented . | . . . . . . Kills | -11 -10 -10 -9 -9 -9 ------- Run | Yrd Mat Min Mat Min Exi Combat Hostiles Destroyed 37 | . 5 5 16 6 5 Melee 1 | . . . . . 1 Guns 26 | . 5 5 12 4 . AOE 8 | . . . 2 2 4 Classes Destroyed 9 | . 5 1 2 . 1 Worker 5 | . 1 2 1 1 . Tunneler 1 | . . 1 . . . Hauler 3 | . 1 . 2 . . Recycler 1 | . 1 . . . . Swarmer 9 | . 3 3 3 . . Grunt 17 | . 2 2 8 5 . Brawler 2 | . . . 1 1 . Sentry 4 | . . . 4 . . Assembled 4 | . . . . . 4 Best Kill Streak 7 | . 3 3 7 3 3 Combat Bots Only 3 | . 3 3 3 3 3 Max Kills in Single Turn 2 | . 1 1 2 2 2 Gunslinging . | . . . . . . Exploded 2 | . . . 2 2 2 Melee 1 | . . . . . 1 Uniques/NPCs Destroyed 1 | . . . . . 1 8R-AWN (-9/Exiles) Combat | -11 -10 -10 -9 -9 -9 -------- Run | Yrd Mat Min Mat Min Exi Hostile Shots Fired 277 | . 25 28 112 23 89 Missed 66 | . 7 8 27 8 16 Damage Taken 3250 | . 167 197 996 315 1575 Core 497 | . 19 66 89 12 311 Absorbed by Shields . | . . . . . . Core Remaining (%) 83 | 100 . 66 . . . Volleys Fired 115 | . 17 24 48 12 14 Largest 2 | . 2 2 2 2 1 Hottest 112 | . 80 60 112 79 39 Shots Fired 213 | . 34 48 94 23 14 Gun 201 | . 34 48 93 22 4 Cannon . | . . . . . . Launcher 12 | . . . 1 1 10 Special . | . . . . . . Kinetic 59 | . 13 24 3 15 4 Thermal 138 | . 17 24 90 7 . Explosive 12 | . . . 1 1 10 Electromagnetic 4 | . 4 . . . . Robot Hit Streak 20 | . 8 4 20 8 2 Robot Miss Streak 6 | . 3 6 4 2 3 Penetration Max . | . . . . . . Secondary Targets 10 | . 3 1 4 2 . Max Gunslinging Chain 1 | . 1 1 1 1 . Shots Hit Robots 165 | . 23 24 65 16 37 Core Hits 77 | . 13 11 30 7 16 Critical Kills . | . . . . . . Critical Parts Destroyed . | . . . . . . Critical Strikes 8 | . . . 5 . 3 Burn 5 | . . . 5 . . Sever 3 | . . . . . 3 Melee Attacks 42 | . . . . . 42 Impact . | . . . . . . Slashing 42 | . . . . . 42 Piercing . | . . . . . . Sneak Attacks . | . . . . . . Combat Hostiles . | . . . . . . Follow-up Attacks . | . . . . . . Damage Inflicted 3757 | . 238 264 1117 377 1761 Guns 1681 | . 235 252 970 224 . Cannons . | . . . . . . Explosions 814 | . . . 147 152 515 Melee 1246 | . . . . . 1246 Ramming 16 | . 3 12 . 1 . Kinetic 383 | . 84 117 44 138 . Thermal 1263 | . 116 135 926 86 . Explosive 814 | . . . 147 152 515 Electromagnetic 35 | . 35 . . . . Impact . | . . . . . . Slashing 1246 | . . . . . 1246 Piercing . | . . . . . . Highest Corruption . | . . . . . . Average Corruption . | . . . . . . Corruption Purged . | . . . . . . Corruption Blocked . | . . . . . . Overload Shots . | . . . . . . Overflow Damage 8 | . . . 7 . 1 Projectiles . | . . . . . . Explosions 8 | . . . 7 . 1 Melee . | . . . . . . Knockbacks . | . . . . . . Impact . | . . . . . . Kinetic . | . . . . . . Secondary . | . . . . . . Self-Inflicted Damage 35 | . . . 23 . 12 Shots 2 | . . . 1 . 1 Rammed 1 | . . 1 . . . Targets Rammed 3 | . 1 1 . 1 . Kicked 1 | . 1 . . . . Crushed 1 | . . . . 1 . Highest Temperature 345 | . 94 97 345 17 30 Average Temperature 84 | . 43 38 123 4 13 Received Heat Transfer 666 | . 54 57 483 72 . Effects 3 | . . . 3 . . Energy Bleed 1 | . . . 1 . . Interference 1 | . . . 1 . . Matter Decay 1 | . . . 1 . . Siege Activations . | . . . . . . Robots Corrupted . | . . . . . . Combat Hostiles . | . . . . . . Parts Fried . | . . . . . . Impact Corruptions . | . . . . . . Robots Melted 2 | . . . 2 . . Combat Hostiles 2 | . . . 2 . . Parts Melted 9 | . . . 9 . . Heat Transferred 3535 | . 275 300 2738 222 . Parts Sabotaged . | . . . . . . Parts Stolen . | . . . . . . Parts Stripped . | . . . . . . Power Chain Reactions . | . . . . . . Alert | -11 -10 -10 -9 -9 -9 ------- Run | Yrd Mat Min Mat Min Exi Peak Influence 294 | . 149 112 294 106 . Initial 69 | . . 57 . 69 . Average 73 | . 99 62 90 59 . Maximum Alert Level 1 | . . . 1 . . Low Security (%) 97 | . 100 100 90 100 . Level 1 2 | . . . 9 . . Level 2 . | . . . . . . Level 3 . | . . . . . . Level 4 . | . . . . . . Level 5 . | . . . . . . High Security . | . . . . . . Max Security . | . . . . . . Squads Dispatched 3 | . 1 . 1 1 . Investigation 1 | . . . . 1 . Extermination . | . . . . . . Reinforcement 2 | . 1 . 1 . . Assault . | . . . . . . Garrison . | . . . . . . Intercept . | . . . . . . Searches Triggered . | . . . . . . Construction Impeded . | . . . . . . Haulers Reinforced . | . . . . . . Active Scanning Responses . | . . . . . . Cargo Convoy Interrupts . | . . . . . . Stealth | -11 -10 -10 -9 -9 -9 --------- Run | Yrd Mat Min Mat Min Exi Distress Signals 4 | . 1 . 3 . . Communications Jammed . | . . . . . . Distress Signals . | . . . . . . Times Spotted 66 | . 6 5 25 8 22 Peak Tracking Total 9 | . 4 3 6 3 9 Tactical Retreats 3 | . . . 1 . 2 Traps | -11 -10 -10 -9 -9 -9 ------- Run | Yrd Mat Min Mat Min Exi Traps Triggered . | . . . . . . Indirectly . | . . . . . . Trap Hack Attempts . | . . . . . . Triggered . | . . . . . . Disarmed . | . . . . . . Reprogrammed . | . . . . . . Reused 1 | . . . . . 1 Traps Extracted . | . . . . . . Installed 1 | . . . . . 1 Triggered . | . . . . . . Most Traps Carried 4 | . . 4 4 2 1 Machines | -11 -10 -10 -9 -9 -9 ---------- Run | Yrd Mat Min Mat Min Exi Machines Disabled 6 | . . . 1 1 4 Max in Single Turn 3 | . . . 1 1 3 Machines Repaired . | . . . . . . Machines Dismantled . | . . . . . . Machines Sabotaged . | . . . . . . Overloaded Fab Kills . | . . . . . . Hacking | -11 -10 -10 -9 -9 -9 --------- Run | Yrd Mat Min Mat Min Exi Machines Accessed 7 | . 1 . 3 1 2 Terminals 4 | . 1 . 3 . . Fabricators . | . . . . . . Repair Stations . | . . . . . . Recycling Units . | . . . . . . Scanalyzers . | . . . . . . Garrison Access . | . . . . . . Total Hacks 13 | . 3 . 7 1 2 Successful 5 | . 1 . 1 1 2 Failed 8 | . 2 . 6 . . Catastrophic 3 | . . . 3 . . Database Lockouts . | . . . . . . Manual 7 | . 2 . 4 . 1 Terminals 10 | . 3 . 7 . . Fabricators . | . . . . . . Repair Stations . | . . . . . . Recycling Units . | . . . . . . Scanalyzers . | . . . . . . Garrison Access . | . . . . . . Terminal Hacks 5 | . 1 . 1 1 2 Record 1 | . . . . . 1 Open Door 1 | . . . . 1 . Branch Access Points 2 | . 1 . 1 . . Derelict Proto ID Bank 1 | . . . . . 1 Fabricator Hacks . | . . . . . . Repair Station Hacks . | . . . . . . Recycling Unit Hacks . | . . . . . . Scanalyzer . | . . . . . . Garrison Access Hacks . | . . . . . . Unauthorized Hacks . | . . . . . . Terminals . | . . . . . . Fabricators . | . . . . . . Repair Stations . | . . . . . . Recycling Units . | . . . . . . Scanalyzers . | . . . . . . Garrison Access . | . . . . . . Data Cores Recovered . | . . . . . . Used . | . . . . . . Hacking Detections 4 | . 1 . 3 . . Full Trace Events . | . . . . . . Feedback Events . | . . . . . . Feedback Blocked . | . . . . . . Robot Schematics Acquired . | . . . . . . Robots Built . | . . . . . . Authchips . | . . . . . . Time . | . . . . . . Total Robot Build Rating . | . . . . . . Part Schematics Acquired . | . . . . . . Parts Built . | . . . . . . Authchips . | . . . . . . Time . | . . . . . . Total Part Build Rating . | . . . . . . Parts Repaired . | . . . . . . Time . | . . . . . . Parts Recycled . | . . . . . . Recycled Matter . | . . . . . . Retrieved Matter . | . . . . . . Retrieved Components . | . . . . . . Parts Scanalyzed . | . . . . . . Part Schematics Acquired . | . . . . . . Parts Damaged . | . . . . . . Bothacking | -11 -10 -10 -9 -9 -9 ------------ Run | Yrd Mat Min Mat Min Exi Used RIF Installer . | . . . . . . Robots Hacked . | . . . . . . Non-combat . | . . . . . . Combat . | . . . . . . Robot Hacks Applied . | . . . . . . Relay Couplers Released . | . . . . . . Fabnet Peak Effective % . | . . . . . . Robots Rewired . | . . . . . . Allies Hacked . | . . . . . . Hacks Repelled . | . . . . . . Allies | -11 -10 -10 -9 -9 -9 -------- Run | Yrd Mat Min Mat Min Exi Total Allies . | . . . . . . Largest Group . | . . . . . . Highest-Rated Group . | . . . . . . Highest-Rated Ally . | . . . . . . Total Orders . | . . . . . . Ally Attacks . | . . . . . . Total Damage . | . . . . . . Kills . | . . . . . . Allies Corrupted . | . . . . . . Allies Melted . | . . . . . . Intel | -11 -10 -10 -9 -9 -9 ------- Run | Yrd Mat Min Mat Min Exi Robot Analysis Total . | . . . . . . Derelict Logs Recovered 3 | . . 1 . 2 . Drone Launches . | . . . . . . Drone Recoveries . | . . . . . . Exploration | -11 -10 -10 -9 -9 -9 ------------- Run | Yrd Mat Min Mat Min Exi Turns Passed 4922 | . 389 817 851 1126 1739 Spaces Moved 2702 | 1 233 455 388 672 953 Core . | . . . . . . Treads 2457 | . . 444 388 672 953 Legs 245 | 1 233 11 . . . Wheels . | . . . . . . Hover . | . . . . . . Flight . | . . . . . . Fastest Speed 120 | 120 120 160 160 160 160 Average Speed 158 | 120 141 160 160 160 160 Slowest Speed 190 | 120 190 190 160 160 160 Overloaded Moves . | . . . . . . Propulsion Burnouts . | . . . . . . Robots Hopped . | . . . . . . Cave-ins Triggered . | . . . . . . Exploration Rate (%) 59 | 1 43 92 34 98 90 Regions Visited 5 Branch Regions 3 Pre-discovered Areas 2 | . . . . 1 1 Known Exits Taken 2 | . 1 . 1 . . Unknown Exits Taken 3 | 1 . 1 . 1 . Scrap Searched 4 | . . 2 . 2 . Spaces Dug . | . . . . . . Terrain Destroyed 75 | . . . 5 22 48 Melee . | . . . . . . Projectile . | . . . . . . AOE 75 | . . . 5 22 48 Terrain Rammed . | . . . . . . Walls Destroyed . | . . . . . . Machines Disabled . | . . . . . . Actions | -11 -10 -10 -9 -9 -9 --------- Run | Yrd Mat Min Mat Min Exi Total 3088 | . 262 496 538 702 1090 Wait 87 | . 2 6 35 . 44 Move 2697 | . 232 454 387 671 953 Hop . | . . . . . . Pick Up 47 | . 4 5 22 5 11 Fast Attach 8 | . 2 . 2 1 3 Attach 20 | . . 1 9 2 8 Detach 1 | . . . . . 1 Swap 22 | . 1 3 11 3 4 Drop 44 | . 3 2 24 6 9 Fire 115 | . 17 24 48 12 14 Melee 42 | . . . . . 42 Ram . | . . . . . . Kick 1 | . 1 . . . . Crush 2 | . . 1 . 1 . Escape Stasis . | . . . . . . Rewire 1 | . . . . 1 . Trap 1 | . . . . . 1 Miscellaneous . | . . . . . . Route ------- -11/Scrapyard -10/Materials (discovered 3 exits: *Mat / *Min x2) -10/Mines (discovered 2 exits: *Mat x2) -9/Materials (discovered 2 exits: [*Mat] / *Min) -9/Mines (discovered 3 exits: [*Mat x2] / *Exi) -9/Exiles (discovered 1 exit: [*Min]) History --------- Turn | Location | Event 1 | -11/Scrapyard | Discovered new exit (range 0) 1 | -11/Scrapyard | Entered Materials 106 | -10/Materials | Identified exit to Mines 149 | -10/Materials | Discovered new exit (range 3) 305 | -10/Materials | Build established: Mutant 390 | -10/Materials | Entered Mines 534 | -10/Mines | Discovered new exit (range 8) 617 | -10/Mines | Found a hidden stash of uninstalled traps 941 | -10/Mines | Discovered new exit (range 11) 1207 | -10/Mines | Entered Materials 1207 | -9/Materials | Evolved 2 slots: Propulsion x1, Utility x1 1470 | -9/Materials | Discovered new exit (range 15) 1795 | -9/Materials | Lost 3 parts (1p1n1u) 1908 | -9/Materials | Identified exit to Mines 2058 | -9/Materials | Entered Mines 2089 | -9/Mines | Learned 4 Materials zone layouts 2191 | -9/Mines | Received a Rocket Launcher from a helpful Derelict 2223 | -9/Mines | Learned location of Storage (-7) 2223 | -9/Mines | Discovered new exit (range 5) 2306 | -9/Mines | Deemed a non-threat by the Exiles lab entrance 2308 | -9/Mines | Discovered new exit (range 5) 2312 | -9/Mines | Build established: Scavenger-Mutant 2588 | -9/Mines | Discovered new exit (range 9) 2618 | -9/Mines | Assembled infested the area 2668 | -9/Mines | Met 8R-AWN 2925 | -9/Mines | Met a Derelict shopkeep closing up shop 3184 | -9/Mines | Entered Exiles 3224 | -9/Exiles | Welcomed by 8R-AWN 3248 | -9/Exiles | Met EX-HEX 3333 | -9/Exiles | Met EX-DEC 3398 | -9/Exiles | Visited The Gauntlet 3668 | -9/Exiles | Discovered new exit (range 14) 3754 | -9/Exiles | Learned location of Zion (-6) 4044 | -9/Exiles | Learned about 8R-AWN's background 4182 | -9/Exiles | Met EX-BIN 4209 | -9/Exiles | Aligned with FarCom system 4211 | -9/Exiles | Given EX-Vault access code 4252 | -9/Exiles | Opened EX-Vault 4264 | -9/Exiles | Found Cloak of Protection 4299 | -9/Exiles | Warned to stay clear of 0b10 Research branches 4616 | -9/Exiles | Attacked by the Exiles 4746 | -9/Exiles | Core integrity fell below 50% 4803 | -9/Exiles | Lost 7 parts (2p2n3u) 4828 | -9/Exiles | Destroyed 8R-AWN 4837 | -9/Exiles | Found Prototype Device 4837 | -9/Exiles | Identified AS-neutralizer No. 17b 4846 | -9/Exiles | Found Prototype Ballistic Gun 4915 | -9/Exiles | Build established: Mutant 4922 | -9/Exiles | Core integrity fell below 20% 4923 | -9/Exiles | Destroyed by DAS Turret with DAS Cannon Last Messages --------------- 04823_ HV Slug penetrates Wall. 04823_ Destroyed Prototype Protection. 04824_ Penetrated by HV Slug. 04828_ Lgt. Armor Plating destroyed. 04828_ 8R-AWN destroyed. 04831_ Acquired 115 matter. 04834_ Acquired Rnf. Fission Core. 04837_ Acquired Prototype Device. 04837_ Identified AS-neutralizer No. 17b. 04841_ Acquired Prototype Leg. 04846_ Acquired Prototype Ballistic Gun. 04858_ Acquired Rocket Launcher. 04861_ Acquired Gauss Rifle. 04865_ Acquired Imp. Treads. 04866_ Extracted 6 energy. 04882_ as-35309 destroyed. 04900_ The unstable cave ceiling collapses. 04919_ Gauss Rifle destroyed. 04919_ Lgt. Treads destroyed. 04920_ The unstable cave ceiling collapses. Map ----- +----------------------------------------------------+ | ?????????????????????????????????????#""X" | | ?????????????????????????????????????#" | | ?????????????????????????????????????#" ## | | ?????????????????????????????????????#""""""?# | | ?????????????????????????????????????##"###??# | | ?????????????????????????????????????? ??????# | | ?????????????????????????????????????????????# | | ????????????????????????????????????????????## | | ????????????#######?????????????????????????#" | | ######??????#!!! "#?????????????????????????#" | | #""##?????# "#?????????????????????????#" | | #?????# "#?????????????????????????#" | | ##???## ""#????????????######???????#" | | #####" ""#???????????? """#???????#" | | %##" ""#???????????"" """#???????## | | #" ###??????????#"" #????????# | | ## ##??????????"" #????????#" | | ##### #??????????"" "#????????#" | | ???#"## # #?????????? ""#????????#" | | #####" # ##??????????" ""????????##" | | """" "######?????# #????????##"" | | !"## # # ####### ###?######"" | | !"## # #X# #"###""""""" | | #### " """""" " "" | | !""" #"#??##" % "" """ " | | ####"""# #???#### @ " " | | ???# ### #??????##; % | | ???# ??# #???????## | | ???##??# #????????## | | ???????# #?????????# | | ???????# #?????????# | | ???????? #?????????## """""" | | ???????? #??????????## ######"" | | ???????? ????????????# ""##????### | | ???????? ????????????# """##???????? | | ???????? ???????????? """##????????? | | ???????? ???????????# ""#?????????? | | ???????? ???????????# ########??## | | ???????????????????? # t ## ####" | | ????????????????????? """" | | ?????????????????????## | | ??????????????????????#"""" | | ??????????????????????## | | ???????????????????????#" " | | ???????????????????????#"""" ""## # | | ???????????????????????#"" ""#### # | | ???????????????????????#" """"##??# # | | ???????????????????????#""" """#??## # | | ???????????????????????## ""##??# | | ????????????????????????#"" """##???#" | +----------------------------------------------------+ Best States ------------- Heat Dissipation 48 Energy Generation 19 Energy Capacity 310 Matter Stores 430 Matter Capacity 450 Sight Range 16 Terrain Scan Density 10 Armor Coverage 300 Evasion (%) 55 Recoil Reduction 3 Item Schematics ----------------- None Robot Schematics ------------------ None Fabricated ------------ Nothing Alien Tech Used ----------------- None Achievements -------------- None Challenges ------------ None Game ------ Seed GreatRestorationThrower Manual? 0 Play Time 00:24:09 Cumulative 389.2 hours Start 2024.05.09 @ 20:53:32 End 2024.05.14 @ 17:28:56 Sessions 2 Manual Loads 0 Difficulty Rogue Special Mode None Game No. 400 Rogue 400 Adventurer 0 Explorer 0 Win Type - Total 30 Types 16/3/5/1/2/0/3/0/0 Lore% 88 Gallery% 88 Achievement% 82 Wizard Run 0 Options --------- Layout 0 ASCII 0 Keyboard 0 Movement Arrows Keybinds 0 Fullscreen 2 Font 24/Smallcaps Map View 76x50 Zoom Use 0% Tactical HUD 1 Map Filters NONE Filters NONE Steam 1 RUN: 966dc008-4f24-47c8-acf5-c82b97114c25